 Dungeon Crawl Stone Soup version 0.30-a0-297-g0ec75d9ef4 (webtiles) character file.

Game seed: 1968815765787969892

2911 koil the Covert (level 9, 0/45 HPs)
             Began as a Spriggan Enchanter on Oct 19, 2022.
             Was a Follower of Dithmenos.
             Shot with an arrow by a centaur warrior (19 damage)
             ... on level 7 of the Dungeon.
             The game lasted 00:24:56 (7280 turns).

koil the Covert (Spriggan Enchanter)                Turns: 7280, Time: 00:24:56

Health: 0/45       AC:  5    Str:  4    XL:     9   Next: 49%
Magic:  19/19      EV: 22    Int: 17    God:    Dithmenos [*.....]
Gold:   159        SH:  0    Dex: 19    Spells: 13/21 levels left

rFire   + . .      SeeInvis +    F - +7 dagger "Zycwex" {drain, Stlth+}
rCold   . . .      Faith    .    (no shield)
rNeg    . . .      Spirit   .    N - +1 robe {rF+}
rPois   .          Reflect  .    (helmet restricted)
rElec   .          Harm     .    O - +1 cloak {Stlth+}
rCorr   .          Rampage  .    (gloves unavailable)
Will    +....                    (boots unavailable)
Stlth   ++++++++..               (no amulet)
HPRegen 0.27/turn                (no ring)
MPRegen 0.16/turn                (no ring)

@: wreathed by umbra, very quick
A: very small, no large weapons, unfitting armour, see invisible, speed 3
a: Renounce Religion


You were on level 7 of the Dungeon.
You worshipped Dithmenos.
Dithmenos was aware of your devotion.
You visited 1 branch of the dungeon, and saw 7 of its levels.
You also visited: Sewer.

You collected 522 gold pieces.
You spent 363 gold pieces at shops.

Inventory:

Hand Weapons
 a - a +1 dagger
 j - a +0 vampiric hand axe
 q - a +3 vampiric scythe
 r - a +4 quarterstaff of chaos
 v - a +1 dagger of electrocution
 F - the +7 dagger "Zycwex" (weapon) {drain, Stlth+}
   (You took it off a gnoll on level 4 of the Dungeon)

   A truly terrible weapon, it drains the life of any living foe it strikes.
   Stlth:     It makes you more stealthy.
 M - the +4 short sword of Qihi {holy, *Corrode Fly Will+ Int+4}
   (You bought it in a shop on level 6 of the Dungeon)

   It has been blessed by the Shining One to cause great damage to the undead
   and demons.
   Int:       It affects your intelligence (+4).
   Fly:       It grants you flight.
   *Corrode:  It may corrode you when you take damage.
   Will:      It increases your willpower.
Missiles
 s - 14 poisoned darts (quivered)
 A - 3 curare-tipped darts
Armour
 b - +0 shadow dragon scales
 N - a +1 robe of fire resistance (worn)
 O - a +1 cloak of stealth (worn)
Magical Staves
 B - a staff of cold
 J - a staff of poison
Jewellery
 f - a ring of resist corrosion
 E - a ring of positive energy
 H - an amulet of faith
Wands
 y - a wand of polymorph (4)
 z - a wand of flame (50)
Scrolls
 d - 3 scrolls of enchant armour {unknown}
 g - 3 scrolls of blinking {unknown}
 i - a scroll of torment {unknown}
 k - a scroll of acquirement {unknown}
 m - 3 scrolls of poison {unknown}
 n - 3 scrolls of teleportation {unknown}
 o - 2 scrolls of immolation {unknown}
 t - 2 scrolls of noise {unknown}
 u - 10 scrolls of identify {unknown}
 w - a scroll of amnesia {unknown}
 C - 2 scrolls of magic mapping {unknown}
 I - a scroll of vulnerability {unknown}
Potions
 c - 2 potions of invisibility
 e - 2 potions of flight {unknown}
 h - 4 potions of brilliance {unknown}
 l - a potion of haste {unknown}
 p - a potion of lignification {unknown}
 x - a potion of might {unknown}
 D - 3 potions of curing
 G - a potion of magic {unknown}
 K - a potion of ambrosia {unknown}
 L - a potion of heal wounds {unknown}
 P - a potion of attraction {unknown}


   Skills:
 + Level 4.0 Fighting
 + Level 5.5 Short Blades
 + Level 7.1 Dodging
 + Level 8.9 Stealth
 + Level 6.5 Spellcasting
 + Level 2.2 Conjurations
 + Level 7.0 Hexes
 + Level 3.1 Invocations


You had 13 spell levels left.
You knew the following spells:

 Your Spells              Type           Power      Damage    Failure   Level
a - Ensorcelled Hibernat  Hex/Ice        34%        N/A       4%          2
b - Confusing Touch       Hex            29%        N/A       1%          3
c - Dazzling Flash        Conj/Hex       42%        N/A       5%          3

Your spell library contained the following spells:

 Spells                   Type           Power      Damage    Failure   Level
 Tukima's Dance           Hex            29%        N/A       1%          3
 Portal Projectile        Hex/Tloc       34%        N/A       9%          3
 Cigotuvi's Dreadful Rot  Necr/Pois/Air  10%        N/A       19%         2
 Poisonous Vapours        Pois/Air       10%        N/A       19%         2
 Mephitic Cloud           Conj/Pois/Air  8%         N/A       26%         3
 Iskenderun's Mystic Bla  Conj/Tloc      9%         2d4       61%         4
 Blade Hands              Tmut           2%         N/A       98%         5
 Starburst                Conj/Fire      4%         6d4       100%        6


Dungeon Overview and Level Annotations

Branches:
Dungeon (7/15)             Temple (0/1) D:5           Sewer (visited)

Altars:
Cheibriados
Dithmenos
Qazlal
Uskayaw
Xom
Yredelemnul

Shops:
D:4 :   D:5 (   D:6 [(((

Annotations:
D:7 lunkers's ghost, novice MeFi


Innate Abilities, Weirdness & Mutations

You are very small and have problems with some larger weapons.
You are too small for most types of armour.
You have supernaturally acute eyesight. (SInv)
You cover ground extremely quickly. (Speed+++)


Message History

Unknown command.
Unknown command.
Unknown command.
You open the gate.
Casting: Confusing Touch (safe; 1% risk of failure)
Confirm with . or Enter, or press ? or * to list all spells.
Your hands begin to glow red.
The wyvern hisses angrily.
The shadow imp shouts!
Lunkers's ghost closely misses you.
The orc shouts!
The centaur warrior shouts!
You hit lunkers's ghost but do no damage.
You hit lunkers's ghost but do no damage.
Lunkers's ghost hits you!
You barely miss lunkers's ghost. Lunkers's ghost hits you!
The shadow imp puffs mist at you.
You hit lunkers's ghost but do no damage.
Lunkers's ghost hits you.
The wyvern hisses menacingly.
You hit the wyvern but do no damage.
The wyvern appears confused.
The wyvern misses you.
You completely miss the wyvern.
The wyvern bites itself!!
The centaur warrior shouts!
The wyvern bites the shadow imp!
The shadow imp is killed!
Dithmenos accepts your kill.
There is an open door here.
The centaur warrior wields a +0 shortbow.
The centaur warrior shoots an arrow.
The arrow hits you!
* * * LOW HITPOINT WARNING * * *
You close the door.
You open the door.
There is an open door here.
You close the door.
You start resting.
A centaur warrior is nearby!
You open the door.
The centaur warrior shouts!
The centaur warrior shoots an arrow.
The arrow hits you!!
You die...

#...#....#......#....'....#..#..
#...'....#......######....####..
##.###...#..............###.####
#####...#..............'.......
#.....#..............#.......
#.....#<.............##'####.
#######8§8.######....#####.......
....#...§.§.....#....#...'.......
....#..§§§P§....@....#...#.....§§
....'.....§#c...#....###.#.....§§
#####...§§.######......######..§§
..#....####............# ##..§
..#....# #............# ####
..#....# #............# ..#....#
#............# ###....#
#............# ######
##############


You could see a centaur warrior.

Vanquished Creatures
  A hornet (D:7)
  Sigmund (D:2)
  A steam dragon (D:6)
  A water moccasin (D:4)
  3 ice beasts (D:6)
  A black bear (D:7)
  2 hornet zombies (D:7)
  A centaur (D:7)
  2 phantoms
  A kobold brigand (D:6)
  4 bullfrogs
  2 wyvern zombies (D:7)
  3 scorpions
  2 wights (D:7)
  A howler monkey (D:7)
  4 centaur zombies (D:7)
  2 jellies
  A hound (D:5)
  An iguana (D:6)
  An orc priest (D:5)
  Crazy Yiuf (D:7)
  Jessica (D:3)
  2 orc wizards
  Ijyb (D:3)
  3 killer bee zombies (D:7)
  A howler monkey zombie (D:7)
  7 gnolls
  5 adders
  2 shadow imps (D:7)
  6 worms
  5 dart slugs
  9 orcs
  10 ball pythons
  6 bats
  10 endoplasms
  6 giant cockroaches
  5 hobgoblins
  4 jackals (D:4)
  8 quokkas
  9 frilled lizards
  7 goblins
  10 kobolds
  2 rats
155 creatures vanquished.

Vanquished Creatures (others)
  6 toadstools (D:4)
  A withered plant (D:7)
7 creatures vanquished.

Grand Total: 162 creatures vanquished

Notes
Turn   | Place    | Note
-------+----------+-------------------------------------------
     0 | D:1      | koil the Spriggan Enchanter began the quest for the Orb.
     0 | D:1      | Reached XP level 1. HP: 9/9 MP: 5/5
   117 | D:1      | Reached XP level 2. HP: 13/13 MP: 6/6
   120 | D:1      | Learned a level 2 spell: Ensorcelled Hibernation
   967 | D:2      | Noticed Sigmund
  1032 | D:2      | Killed Sigmund
  1033 | D:2      | Reached skill level 1 in Fighting
  1033 | D:2      | Reached skill level 5 in Stealth
  1033 | D:2      | Reached XP level 3. HP: 18/18 MP: 6/9
  1033 | D:2      | Reached XP level 4. HP: 22/22 MP: 6/10
  1033 | D:2      | Reached XP level 5. HP: 25/25 MP: 6/11
  2203 | D:3      | Found a faded altar of an unknown god.
  2209 | D:3      | Noticed Jessica
  2229 | D:3      | Killed Jessica
  2501 | D:3      | Noticed Ijyb
  2547 | D:3      | Killed Ijyb
  2548 | D:3      | Reached XP level 6. HP: 28/30 MP: 6/13
  2651 | D:4      | You fall into a shaft and drop 3 floors!
  2690 | D:5      | Entered Level 5 of the Dungeon
  2735 | D:4      | Found a glowing drain.
  2760 | Sewer    | Entered a sewer
  2840 | Sewer    | Learned a level 3 spell: Confusing Touch
  2844 | Sewer    | Learned a level 3 spell: Dazzling Flash
  3056 | Sewer    | Reached skill level 6 in Stealth
  3491 | D:4      | Identified the +7 dagger "Zycwex" {drain, Stlth+}
  3565 | D:4      | Reached skill level 5 in Hexes
  3565 | D:4      | Reached XP level 7. HP: 34/35 MP: 12/14
  3604 | D:4      | Reached skill level 5 in Dodging
  3752 | D:4      | Found a shimmering altar of Xom.
  3841 | D:4      | Found Ocasas's Book Emporium.
  4073 | D:4      | Found a shadowy altar of Dithmenos.
  4083 | D:4      | Became a worshipper of Dithmenos the Shadowed
  4392 | D:5      | Found a snail-covered altar of Cheibriados.
  4641 | D:5      | Reached skill level 5 in Spellcasting
  4778 | D:5      | Found Vaw Toumn's Weapon Shop.
  4906 | D:5      | Found a staircase to the Ecumenical Temple.
  4913 | D:5      | Reached skill level 7 in Stealth
  5172 | D:6      | Found Fafyly's Weapon Emporium.
  5172 | D:6      | Found Inauc's Weapon Boutique.
  5247 | D:6      | Reached XP level 8. HP: 39/39 MP: 16/16
  5307 | D:6      | Found a basalt altar of Yredelemnul.
  5330 | D:6      | Found Necui's Antique Weapon Boutique.
  5360 | D:6      | Bought an ancient short sword for 264 gold pieces
  5360 | D:6      | Identified the +4 short sword of Qihi {holy, *Corrode Fly
                  | Will+ Int+4} (You bought it in a shop on level 6 of the
                  | Dungeon)
  5372 | D:6      | Found Waack's Antique Armour Emporium.
  5375 | D:6      | Bought an embroidered robe for 99 gold pieces
  5405 | D:6      | Reached skill level 1 in Invocations
  5526 | D:6      | Reached * piety under Dithmenos
  5527 | D:6      | Reached skill level 1 in Conjurations
  5825 | D:7      | Reached skill level 8 in Stealth
  6033 | D:7      | Reached skill level 5 in Short Blades
  6033 | D:7      | Reached XP level 9. HP: 21/44 MP: 15/19
  6186 | D:7      | Found a runed translucent door.
  6187 | D:7      | Noticed Crazy Yiuf
  6194 | D:7      | Killed Crazy Yiuf
  6587 | D:7      | Found a runed translucent gate.
  6599 | D:7      | Noticed a centaur warrior
  6600 | D:7      | Found a runed translucent gate.
  6601 | D:7      | Found a runed translucent gate.
  6603 | D:7      | Noticed lunkers's ghost (novice MeFi)
  6902 | D:7      | Found a hide-covered altar of Uskayaw.
  6902 | D:7      | Found a stormy altar of Qazlal.
  7280 | D:7      | Shot with an arrow by a centaur warrior

Illustrated notes

Levels and vault maps discovered:
D:1:      dpeg_arrival_boxes_within_box, layout_loops_ring
D:2:      layout_loops_corners, small_statue_intersection, uniq_sigmund
D:3:      layout_rooms, ebering_ecumenical_altar_sacrificial, uniq_jessica,
          uniq_ijyb
D:4:      layout_cave_pools, tgw_xom, nicolae_dithmenos_through_a_glass_darkly,
          cheibrodos_sewer_entry_sluice, minmay_gold_behind_fungi,
          glass_columns_a, nicolae_inconvenience_store, minmay_small_thing
D:5:      layout_cave_pods, mainiacjoe_overflow_24_doors, temple_fountains,
          serial_shops, shop_fountains
D:6:      layout_rooms, old_standard_altar, serial_shops,
          nicolae_shop_waterfront, nicolae_shop_waterfront,
          nicolae_shop_crystal, kennysheep_mini_moat,
          nicolae_concentric_dashed_squares_mild, moated_statue,
          minmay_misc_feat_rugged
D:7:      layout_gridville, gammafunk_temple_overflow_pools,
          gammafunk_ghost_split, serial_undead, serial_undead_e,
          serial_undead_c, serial_undead_a, serial_undead_e, serial_undead_e,
          serial_undead_c, nicolae_titane, uniq_crazy_yiuf_cottage

Skill      XL: |  1  2  3  4  5  6  7  8  9 |
---------------+----------------------------+-----
Dodging        | 4 5 6 7 |  7.1
Spellcasting   | 3 4 5 6 |  6.5
Fighting       | 1 2 3 4 |  4.0
Short Blades   | 2 3 4 5 |  5.5
Stealth        | 5 6 7 8 |  8.9
Hexes          | 4 5 6 7 |  7.0
Invocations    | 2 3 |  3.1
Conjurations   | 1 2 |  2.2

Action                   |  1- 3 |  4- 6 |  7- 9 || total
-------------------------+-------+-------+-------++-------
Melee: Dagger            |    46 |   236 |   209 ||   491
       Unarmed           |       |     4 |       ||     4
       Punch             |       |     4 |     1 ||     5
Throw: Dart              |     2 |    29 |     5 ||    36
 Cast: Ensorcelled Hiber |     1 |    15 |     6 ||    22
       Confusing Touch   |       |       |     7 ||     7
 Stab: Sleeping          |     7 |    16 |    26 ||    49
       Distracted        |       |     1 |     2 ||     3
       Confused          |       |       |     7 ||     7
Armor: Robe              |     6 |     8 |    10 ||    24
Dodge: Dodged            |    39 |   207 |   145 ||   391

Table legend: (Time is in decaauts)
 A = Elapsed time spent in this place.
 B = Non-inter-level travel time spent in this place.
 C = Inter-level travel time spent in this place.
 D = Time resting spent in this place.
 E = Time spent auto-exploring this place.
 F = Levels seen in this place.
 G = Mean time per level.
                   A        B        C        D        E       F      G
               +--------+--------+--------+--------+--------+-----+--------+
         Total |   5262 |   5150 |    112 |    312 |   3492 |   8 |  657.8 |
       Dungeon |   4808 |   4696 |    112 |    269 |   3333 |   7 |  686.9 |
         Sewer |    454 |    454 |      0 |     43 |    158 |   1 |  454.0 |
               +--------+--------+--------+--------+--------+-----+--------+

Top non-repeatable levels by time:
     D:7: 1102 daAuts
     D:5: 730 daAuts
     D:3: 694 daAuts
     D:4: 682 daAuts
     D:2: 625 daAuts
     D:1: 537 daAuts
   Sewer: 454 daAuts
     D:6: 435 daAuts
